 Dungeon Crawl Stone Soup version 0.20-a0-641-g673355a (webtiles) character file.

277 Kiturien the Chopper (level 6, -23/56 HPs)
             Began as a Hill Orc Fighter on Feb 13, 2017.
             Annihilated by an ogre
             ... wielding a +0 giant spiked club
              (26 damage)
             ... on level 4 of the Dungeon.
             The game lasted 00:04:27 (3165 turns).

Kiturien the Chopper (Hill Orc Fighter)             Turns: 3165, Time: 00:04:28

Health: -23/56     AC:  7    Str: 21    XL:     6   Next: 26%
Magic:  6/6        EV:  7    Int:  8    God:
Gold:   56         SH:  9    Dex: 10    Spells: 5/5 levels left

rFire    . . .     SeeInvis .   a - +0 war axe
rCold    . . .     Gourm    .   b - +0 scale mail
rNeg     . . .     Faith    .   c - +0 shield
rPois    .         Spirit   .   (no helmet)
rElec    .         Reflect  .   (no cloak)
rCorr    .         Harm     .   (no gloves)
MR       .....                  (no boots)
Stlth    ..........             (no amulet)
Regen    0.2/turn               (no ring)
MPRegen  0.1/turn               (no ring)

@: no status effects
A: no striking features
a: no special abilities


You were on level 4 of the Dungeon.
You were not hungry.

You visited 1 branch of the dungeon, and saw 4 of its levels.

You collected 56 gold pieces.

Inventory:

Hand Weapons
 a - a +0 war axe (weapon)
Armour
 b - a +0 scale mail (worn)
 c - a +0 shield (worn)
Scrolls
 e - 2 scrolls of identify {unknown}
 g - 3 scrolls of teleportation {unknown}
 h - a scroll of random uselessness {unknown}
 l - 3 scrolls of magic mapping {unknown}
 n - a scroll of fear {unknown}
 p - 3 scrolls of remove curse {unknown}
Potions
 d - a potion of might
 i - 4 potions of curing {unknown}
 k - a potion of flight {unknown}
 o - a potion of degeneration {unknown}
 q - 2 potions of heal wounds {unknown}
Comestibles
 f - 2 bread rations
 j - a royal jelly
 m - 4 fruits
 r - 2 meat rations
 s - a chunk of flesh


   Skills:
 * Level 5.1 Fighting
 + Level 5.2 Axes
 + Level 4.3 Armour
 + Level 0.5 Dodging
 + Level 4.4 Shields


You had 5 spell levels left.
You didn't know any spells.

Dungeon Overview and Level Annotations

Branches:
Dungeon (4/15)
 Temple: D:4-7

Altars:
Dithmenos
Elyvilon
Sif Muna


Message History

The water moccasin skeleton bites you.
You closely miss the water moccasin skeleton.
You slash the ogre!
The ogre hits you with a giant spiked club!!
* * * LOW HITPOINT WARNING * * *
The water moccasin skeleton bites you.
* * * LOW HITPOINT WARNING * * *
You slash the water moccasin skeleton!
The water moccasin skeleton is moderately damaged.
You slash the ogre! The water moccasin skeleton bites you.
* * * LOW HITPOINT WARNING * * *
The ogre hits you with a giant spiked club.
* * * LOW HITPOINT WARNING * * *
The water moccasin skeleton bites you.
* * * LOW HITPOINT WARNING * * *
There is a stone staircase leading up here.
Your shield and scale mail prevent you from hitting the ogre.
The ogre is severely wounded.
The ogre hits you with a giant spiked club!!
You die...

### ..# ..# #
..#.###
##.......
#@....!..
..######O###.###
#.......Z#
#####..........
#.#........
#....####.#
##.#.. . #.####
#.


You could see an ogre and a water moccasin skeleton.

Vanquished Creatures
  An iguana (D:3)
  Natasha (thrice) (D:2)
  Terence (D:2)
  3 gnolls (D:3)
  5 adders
  2 worms
  2 dart slugs
  A leopard gecko (D:3)
  4 giant cockroaches
  8 goblins
  6 hobgoblins
  7 jackals (D:1)
  9 kobolds
  4 quokkas
  8 bats
  5 frilled lizards
  6 rats
75 creatures vanquished.

Notes
Turn   | Place    | Note
-------+----------+-------------------------------------------
     0 | D:1      | Kiturien the Hill Orc Fighter began the quest for the Orb.
     0 | D:1      | Reached XP level 1. HP: 19/19 MP: 1/1
   252 | D:1      | Reached XP level 2. HP: 27/27 MP: 2/2
   445 | D:1      | Reached XP level 3. HP: 19/33 MP: 3/3
   779 | D:2      | Noticed Natasha
   794 | D:2      | Killed Natasha
   874 | D:2      | Noticed Natasha
  1008 | D:2      | Killed Natasha
  1008 | D:2      | Reached XP level 4. HP: 27/41 MP: 4/4
  1233 | D:2      | Noticed Terence
  1239 | D:2      | Killed Terence
  1239 | D:2      | Reached XP level 5. HP: 45/47 MP: 5/5
  1316 | D:2      | Noticed Natasha
  1321 | D:2      | Killed Natasha
  2264 | D:3      | Found a shadowy altar of Dithmenos.
  2264 | D:3      | Found a white marble altar of Elyvilon.
  2266 | D:3      | Found a deep blue altar of Sif Muna.
  2351 | D:3      | Reached skill level 5 in Fighting
  2639 | D:3      | Reached skill level 5 in Axes
  2701 | D:3      | Reached XP level 6. HP: 29/56 MP: 6/6
  3165 | D:4      | Annihilated by an ogre

Vault maps used:
D:1:      dpeg_arrival_water_fire
D:2:      uniq_natasha, uniq_terence
D:3:      gammafunk_temple_overflow_claw
D:4:      bloody_makhleb, portal_sewer_entry_f, first_bread,
          hangedman_abyss_or_decor_passed, chei_slow_surprise

Skill      XL: |  1  2  3  4  5 |
---------------+----------------+-----
Fighting       | 4 5 |  5.1
Axes           | 3 4 5 |  5.2
Shields        | 4 |  4.4
Armour         | 4 |  4.3
Dodging        | |  0.5

Action                   |  1- 3 |  4- 6 || total
-------------------------+-------+-------++-------
Melee: War axe           |    82 |   191 ||   273
  Eat: Chunk             |       |     8 ||     8
Armor: Scale mail        |    64 |    66 ||   130
Dodge: Dodged            |    41 |    61 ||   102
Block: Shield            |    63 |   120 ||   183
